 Dungeon Crawl Stone Soup version 0.32-a0-132-g2d33c3cfaf (webtiles) character file.

Game seed: 17340920935977854565

6965 senseless the Gouger (level 10, 53/53 HPs)
             Began as a Felid Shapeshifter on Feb 9, 2024.
             Was a High Priest of Nemelex Xobeh.
             Quit the game on level 9 of the Dungeon.
             The game lasted 00:27:10 (8343 turns).

senseless the Gouger (Felid Shapeshifter)           Turns: 8343, Time: 00:27:11

Health: 53/53      AC:  2    Str: 10    XL:     10   Next: 81%
Magic:  15/15      EV: 24    Int: 14    God:    Nemelex Xobeh [*****.]
Gold:   370        SH:  5    Dex: 20    Spells: 9/9 levels left
                                        Lives:  0   Deaths: 4

rFire   . .          .
                       - Unarmed
rCold   . . .        (shield unavailable)
rNeg    . . .        (body armour unavailable)
rPois   .            (helmet unavailable)
rElec   .            (cloak unavailable)
rCorr   .            (gloves unavailable)
SInv    +            (boots unavailable)
Will    +....        i - amulet of reflection
Stlth   ++++         g - ring of wizardry
HPRegen 0.28/turn    (no ring)
MPRegen 0.14/turn

%: reflection, wizardry (x1)
@: beast-form, studying Unarmed Combat
A: beast (slay +3), very small, claws 1, fangs 3, see invisible, shaggy fur 2,
stealthy paws, no weapons or thrown items, no armour, multi-lived
a: Begin Untransformation, Renounce Religion, Draw Escape, Draw Destruction,
Draw Summoning, Triple Draw, Deal Four, Stack Five


You were on level 9 of the Dungeon.
You worshipped Nemelex Xobeh.
Nemelex Xobeh was extremely pleased with you.
You were a hulking beast.
You visited 1 branch of the dungeon, and saw 9 of its levels.
You also visited: Sewer.

You collected 370 gold pieces.

Inventory:

Jewellery
 g - a ring of wizardry (left paw)
 i - an amulet of reflection (around neck)
 l - an amulet of magic regeneration
 u - an amulet of faith
Talismans
 b - a beast talisman
 c - a flux talisman
Wands
 e - a wand of mindburst (12)
 t - a wand of flame (4)
 x - a wand of polymorph (18)
Scrolls
 p - 4 scrolls of blinking
 q - 2 scrolls of fear
 r - a scroll of revelation
 s - 2 scrolls of teleportation
 v - a scroll of identify
 w - a scroll of fog
 y - 2 scrolls of vulnerability {unknown}
Potions
 a - 2 potions of lignification
 d - a potion of invisibility
 f - 2 potions of brilliance
 h - 2 potions of enlightenment
 j - a potion of berserk rage
 k - 3 potions of mutation
 m - a potion of heal wounds
 n - 2 potions of curing
 o - 2 potions of magic


   Skills:
 + Level 6.5 Fighting
 + Level 9.1 Dodging
 + Level 9.1 Stealth
 * Level 11.8 Unarmed Combat
 + Level 6.0 Invocations
 + Level 6.0 Shapeshifting


You had 9 spell levels left.
You didn't know any spells.
Your spell library contained the following spells:

 Spells                   Type           Power      Damage    Failure   Level
 Necrotise                Necr           0%         1d4       12%         1
 Static Discharge         Conj/Air       0%         3-3/arc   17%         2
 Vampiric Draining        Necr           0%         2d6       32%         3
 Airstrike                Air            0%         2d(0-16)  71%         4
 Martyr's Knell           Necr/Summ      0%         N/A       71%         4
 Summon Lightning Spire   Summ/Air       0%         N/A       71%         4
 Curse of Agony           Necr           0%         N/A       95%         5


Dungeon Overview and Level Annotations

Branches:
Dungeon (9/15)             Temple (0/1) D:5           Sewer (visited)
   Lair: D:8-11         Orc: D:9-12

Altars:
Ashenzari
Cheibriados
Dithmenos
Elyvilon
Gozag
Hepliaklqana
Kikubaaqudgha
Makhleb
Nemelex Xobeh
Okawaru
Sif Muna
Trog
Xom
Yredelemnul
Zin

Shops:
D:4 (


Innate Abilities, Weirdness & Mutations

You are a hulking beast.
Your limbs bulge with bestial killing power. (Slay +3)
You have sharp claws.
You have razor-sharp teeth.
You have supernaturally acute eyesight. (SInv)
You are covered in thick fur. (AC +2)
Your paws help you pounce on unaware monsters.
You are incapable of wielding weapons or throwing items.
You cannot wear armour.
You gain extra lives every three experience levels.


Message History

You are too injured to fight recklessly!
You are too injured to fight recklessly!
You are too injured to fight recklessly!
You are too injured to fight recklessly!
You are too injured to fight recklessly!
You are too injured to fight recklessly!
You are too injured to fight recklessly!
You are too injured to fight recklessly!
You claw the ice beast! You bite the ice beast.
You kill the ice beast!
Your Invocations skill increases to level 6!
Your Shapeshifting skill increases to level 6!
An ice beast comes into view.
You start resting.
A wolf comes into view.
The wolf howls!
You claw the wolf!
The wolf is severely wounded.
You hear an angry hiss.
The wolf completely misses you. x2
You scratch the wolf. You claw the wolf.
You kill the wolf!
The rime drake breathes ice at you. The icy flash freeze misses you.
The rime drake breathes ice at you. The icy flash freeze misses you.
You closely miss the ice beast. The ice beast hits you.
The ice beast freezes you!
* * * LOW HITPOINT WARNING * * *
You are too injured to fight recklessly!
You are too injured to fight recklessly!
You are too injured to fight recklessly!
You are too injured to fight recklessly!
The rime drake breathes ice at you. The icy flash freeze hits you!!
You die...
Your shape twists and changes as you die.
You are encased in ice.
You rejoin the land of the living...
Are you sure you want to abandon this character and quit the game? (Confirm with "yes".)

#.# #...).#..._ß_.## #.#
#...#.#.#......#######
#.####...#)#.#.............
#)##....)###.#...##########
#.##.#.........#.#######
#.##.#.......###.......#
#.##.#..............##.####
#..........................
#.........h........~~...~.~
################.~..~~..~..
##≈≈≈≈≈~~~~~~≈~
#≈≈≈≈≈.~≈~~~~~~
#≈##..~....~.~. #≈≈
##......~~.~ ## #.~..~..~..
##....###### #..##.# #


There were no monsters in sight!

Vanquished Creatures
  A flayed ghost (D:8)
  6 wraiths
  A fire bat (D:8)
  6 humans (D:9)
  A wyvern (D:9)
  A steam dragon (D:8)
  2 acid dragons
  A water moccasin (D:8)
  A black bear (D:8)
  6 ice beasts
  A sky beast (D:7)
  An ogre (D:5)
  A crocodile (Sewer)
  2 centaurs (D:9)
  3 wolves (D:9)
  A kobold brigand (D:8)
  A bullfrog (D:8)
  3 scorpions
  A gnoll sergeant (D:8)
  4 wights (D:8)
  15 killer bees
  A howler monkey (D:6)
  7 hounds
  3 bombardier beetles
  Crazy Yiuf (D:7)
  2 orc priests (D:3)
  3 iguanas
  4 sleepcaps
  Jessica (D:3)
  Terence (D:2)
  2 orc wizards
  2 hound zombies (D:3)
  5 gnolls (D:8)
  10 adders
  A white imp (D:4)
  2 ribbon worms
  4 dart slugs
  10 orcs
  8 endoplasms
  6 giant cockroaches
  9 goblins
  7 hobgoblins
  7 jackals
  5 quokkas
  6 ball pythons
  15 bats
  A frilled lizard (D:1)
  13 kobolds
  9 rats
204 creatures vanquished.

Vanquished Creatures (collateral kills)
  Jeremiah (D:7)
  A black bear (D:6)
  A bombardier beetle (D:7)
  A hound (D:6)
  An iguana (D:6)
  An orc wizard (D:7)
  2 ufetubi (D:6)
  3 orcs
11 creatures vanquished.

Grand Total: 215 creatures vanquished

Notes
Turn   | Place    | Note
-------+----------+-------------------------------------------
     0 | D:1      | senseless the Felid Shapeshifter began the quest for the
                  | Orb.
     0 | D:1      | Reached XP level 1. HP: 10/10 MP: 2/2
   114 | D:1      | Reached XP level 2. HP: 14/14 MP: 3/3
   116 | D:1      | Reached skill level 1 in Stealth
   249 | D:1      | Found a faded altar of an unknown god.
   257 | D:1      | Prayed at the altar of an unknown god.
   257 | D:1      | Became a worshipper of Nemelex Xobeh the Trickster
   257 | D:1      | Reached * piety under Nemelex Xobeh
   511 | D:1      | Reached XP level 3. HP: 18/18 MP: 4/4
   842 | D:2      | Found a sparkling altar of Nemelex Xobeh.
   947 | D:2      | Identified the +11 whip "Weimyed" {antimagic, rElec rC+
                  | rCorr Dex+5 Stlth-}
  1030 | D:2      | Received a gift from Nemelex Xobeh
  1089 | D:2      | Noticed Terence
  1176 | D:2      | Killed Terence
  1177 | D:2      | Reached XP level 4. HP: 23/23 MP: 5/5
  1177 | D:2      | Gained a life (2 lives remaining)
  1572 | D:2      | Reached ** piety under Nemelex Xobeh
  2092 | D:3      | Identified the +5 pair of boots "Qonugg" {rElec}
  2172 | D:3      | Received a gift from Nemelex Xobeh
  2321 | D:3      | Reached XP level 5. HP: 13/26 MP: 6/6
  2377 | D:3      | Found a basalt altar of Yredelemnul.
  2592 | D:3      | Reached skill level 1 in Invocations
  2629 | D:3      | Incinerated by a bombardier beetle
  2629 | D:3      | Lost a life (1 life remaining)
  2675 | D:3      | Noticed Jessica
  2686 | D:3      | Killed Jessica
  2687 | D:3      | Gained mutation: You are covered in thick fur. (AC +2)
                  | [Felid growth]
  2687 | D:3      | Reached XP level 6. HP: 24/32 MP: 8/8
  2723 | D:3      | Found a shimmering blue altar of Sif Muna.
  3017 | D:4      | Reached skill level 4 in Unarmed Combat
  3099 | D:4      | Found a glowing drain.
  3116 | Sewer    | Entered a sewer
  3377 | D:4      | Reached *** piety under Nemelex Xobeh
  3397 | D:4      | Received a gift from Nemelex Xobeh
  3560 | D:4      | Reached skill level 5 in Dodging
  3560 | D:4      | Reached XP level 7. HP: 31/36 MP: 9/9
  3560 | D:4      | Gained a life (2 lives remaining)
  4004 | D:4      | Found a shadowy altar of Dithmenos.
  4126 | D:4      | Found Tor Woot's Antique Weapon Boutique.
  4244 | D:4      | Found a bloodstained altar of Trog.
  4244 | D:4      | Found a glowing silver altar of Zin.
  4282 | D:5      | Entered Level 5 of the Dungeon
  4282 | D:5      | Found an iron altar of Okawaru.
  4307 | D:5      | Noticed Edmund
  4310 | D:5      | Edmund changed into Edmund the rat
  4310 | D:5      | Noticed Edmund
  4315 | D:5      | Killed Edmund the rat
  4451 | D:5      | Received a gift from Nemelex Xobeh
  4469 | D:5      | Identified a scroll of acquirement
  4469 | D:5      | Acquired a manual of Unarmed Combat
  4529 | D:5      | Reached **** piety under Nemelex Xobeh
  4532 | D:5      | Found a staircase to the Ecumenical Temple.
  4580 | D:5      | Reached skill level 5 in Unarmed Combat
  4729 | D:5      | Reached skill level 5 in Stealth
  4860 | D:6      | Reached XP level 8. HP: 39/42 MP: 11/11
  4904 | D:6      | Identified the -1 long sword "Fish" {venom, rElec rC- rN+
                  | Int+4}
  4907 | D:6      | Reached skill level 6 in Unarmed Combat
  4970 | D:6      | Received a gift from Nemelex Xobeh
  5133 | D:6      | Found a snail-covered altar of Cheibriados.
  5173 | D:6      | Found a shimmering altar of Xom.
  5304 | D:6      | Identified the +4 spear "Epuenef" {pain, MP+9}
  5615 | D:7      | Noticed Jeremiah
  5622 | D:7      | Found an opulent altar of Gozag.
  5625 | D:7      | Killed Jeremiah
  5626 | D:7      | Reached skill level 7 in Unarmed Combat
  5626 | D:7      | Received a gift from Nemelex Xobeh
  5628 | D:7      | Found an opulent altar of Gozag.
  5633 | D:7      | Found an opulent altar of Gozag.
  5640 | D:7      | Found an opulent altar of Gozag.
  5739 | D:7      | Reached XP level 9. HP: 28/46 MP: 11/13
  5892 | D:7      | Reached skill level 8 in Unarmed Combat
  6130 | D:7      | Found a runed translucent door.
  6131 | D:7      | Noticed Crazy Yiuf
  6139 | D:7      | Killed Crazy Yiuf
  6267 | D:8      | Reached skill level 5 in Fighting
  6507 | D:8      | Reached skill level 5 in Shapeshifting
  6522 | D:8      | Received a gift from Nemelex Xobeh
  6582 | D:8      | Reached skill level 9 in Unarmed Combat
  6608 | D:8      | Found a runed translucent door.
  6611 | D:8      | Found a shimmering altar of Xom.
  6648 | D:8      | Slain by a wraith
  6648 | D:8      | Lost a life (1 life remaining)
  6881 | D:8      | Found a white marble altar of Elyvilon.
  6947 | D:8      | Reached skill level 5 in Invocations
  6960 | D:8      | Noticed a flayed ghost
  6981 | D:8      | Reached skill level 10 in Unarmed Combat
  6988 | D:8      | Found a sparkling altar of Nemelex Xobeh.
  7012 | D:8      | Reached XP level 10. HP: 46/53 MP: 14/14
  7012 | D:8      | Gained a life (2 lives remaining)
  7044 | D:8      | Found a broken altar of Ashenzari.
  7071 | D:8      | Found an ancient bone altar of Kikubaaqudgha.
  7081 | D:8      | Found a bloodstained altar of Trog.
  7176 | D:8      | Reached ***** piety under Nemelex Xobeh
  7476 | D:8      | Killed a flayed ghost
  7487 | D:8      | Identified the +0 mace of Midwinter {freeze, rN+ Dex+3}
  7671 | D:9      | Reached skill level 11 in Unarmed Combat
  7829 | D:9      | Found a burning altar of Makhleb.
  7830 | D:9      | Found a sparkling altar of Nemelex Xobeh.
  7831 | D:9      | Found a hazy altar of Hepliaklqana.
  7927 | D:9      | HP: 2/53 [cloud of foul pestilence (9)]
  7927 | D:9      | Succumbed to their own dark miasma
  7927 | D:9      | Lost a life (1 life remaining)
  8181 | D:9      | Found an ancient bone altar of Kikubaaqudgha.
  8342 | D:9      | Killed from afar by a rime drake
  8342 | D:9      | Lost a life (0 lives remaining)
  8343 | D:9      | Quit the game

Illustrated notes

Levels and vault maps discovered:
D:1:      minmay_arrival_open_corners, layout_loops_cross,
          ebering_ecumenical_altar_webs, minmay_3d_cube
D:2:      layout_basic, basic_altar, uniq_terence
D:3:      layout_basic, tgw_sif, lemuel_zombie_altar_yredelemnul
D:4:      layout_cave_pools, nicolae_dithmenos_the_darkroom,
          gammafunk_temple_overflow_elements, serial_shops, shop,
          gup_sewer_entry_bubbles, nicolae_eternal_life, minmay_quantized
D:5:      layout_rooms, lemuel_crystal_altar, minmay_temple_entry_trees,
          uniq_edmund
D:6:      layout_basic, overflow_temple_1_default, mainiacjoe_overflow_catwalk,
          nicolae_letterblocks [nicolae_letter_subblock,
          nicolae_letter_subblock, nicolae_letter_subblock,
          nicolae_letter_subblock, nicolae_letter_subblock,
          nicolae_letter_subblock, nicolae_letter_subblock,
          nicolae_letter_subblock, nicolae_letter_subblock,
          nicolae_letter_subblock, nicolae_letter_subblock,
          nicolae_letter_subblock, nicolae_letter_subblock,
          nicolae_letter_subblock, nicolae_letter_subblock,
          nicolae_letter_subblock, nicolae_letter_subblock,
          nicolae_letter_subblock, nicolae_letter_subblock,
          nicolae_letter_subblock, nicolae_letter_subblock,
          nicolae_letter_subblock, nicolae_letter_subblock,
          nicolae_letter_subblock, nicolae_letter_subblock]
D:7:      layout_loops_ring, nicolae_gozag_conspicuous_consumption,
          uniq_jeremiah, uniq_crazy_yiuf_cottage
D:8:      due_megacathedral, layout_loops_ring
D:9:      layout_loops_ring, kennysheep_little_box,
          chequers_temple_overflow_statue_of_worship, hellmonk_lair_entry_icy,
          serial_rivers, chequers_serial_rivers_micro_e,
          chequers_serial_rivers_small_3, chequers_serial_rivers_room_a,
          chequers_serial_rivers_micro_d, minmay_ruffians

Skill      XL: |  1  2  3  4  5  6  7  8  9 10 |
---------------+-------------------------------+-----
Stealth        | 1 2 3 4 5 6 7 9 |  9.1
Dodging        | 3 4 5 6 8 9 |  9.1
Shapeshifting  | 3 4 5 6 |  6.0
Fighting       | 2 3 4 5 6 |  6.5
Invocations    | 1 2 3 4 5 6 |  6.0
Unarmed Combat | 4 5 7 10 11 | 11.8

Action                     |  1- 3 |  4- 6 |  7- 9 | 10-12 || total
---------------------------+-------+-------+-------+-------++-------
  Melee: Unarmed           |    98 |   133 |   238 |    94 ||   563
         Bite              |     8 |    11 |    31 |    14 ||    64
         Punch             |     2 |     4 |    18 |     9 ||    33
 Invoke: Draw Destruction  |     2 |    10 |    17 |     4 ||    33
         Draw Summoning    |       |       |     8 |       ||     8
         Draw Escape       |       |       |       |     2 ||     2
  Evoke: Wand              |       |       |     5 |       ||     5
    Use: Scroll            |       |    10 |     8 |       ||    18
         Potion            |       |       |     1 |     1 ||     2
   Stab: Sleeping          |     4 |     7 |    15 |     5 ||    31
         Distracted        |       |     1 |     1 |       ||     2
 Armour: Skin              |    26 |    38 |    62 |    26 ||   152
  Dodge: Dodged            |    61 |    86 |   174 |    77 ||   398
  Block: Other             |       |    12 |    48 |    14 ||    74
         Reflection        |       |       |       |     1 ||     1

Table legend: (Time is in decaauts)
 A = Elapsed time spent in this place.
 B = Non-inter-level travel time spent in this place.
 C = Inter-level travel time spent in this place.
 D = Time resting spent in this place.
 E = Time spent auto-exploring this place.
 F = Levels seen in this place.
 G = Mean time per level.
                   A        B        C        D        E       F      G
               +--------+--------+--------+--------+--------+-----+--------+
         Total |   8338 |   8022 |    316 |    140 |   6299 |  10 |  833.8 |
       Dungeon |   8111 |   7795 |    316 |    140 |   6137 |   9 |  901.2 |
         Sewer |    226 |    226 |      0 |      0 |    162 |   1 |  226.0 |
               +--------+--------+--------+--------+--------+-----+--------+

Top non-repeatable levels by time:
     D:8: 1302 daAuts
     D:2: 1221 daAuts
     D:4: 1086 daAuts
     D:3: 925 daAuts
     D:1: 863 daAuts
     D:9: 814 daAuts
     D:7: 800 daAuts
     D:6: 576 daAuts
     D:5: 521 daAuts
   Sewer: 226 daAuts
